 Dungeon Crawl Stone Soup version 0.31-a0-988-g08d55dae12 (webtiles) character file.

Game seed: 6663153592641469277

45 BinkBink the Trooper (level 3, -1/24 HPs)
             Began as a Gargoyle Monk on Nov 5, 2023.
             Slain by a gnoll
             ... wielding a +0 flail
              (6 damage)
             ... on level 1 of the Dungeon.
             The game lasted 00:01:50 (679 turns).

BinkBink the Trooper (Gargoyle Monk)                 Turns: 679, Time: 00:01:51

Health: -1/24      AC: 11    Str: 16    XL:     3   Next: 64%
Magic:  3/3        EV:  8    Int: 10    God:
Gold:   52         SH:  0    Dex: 12    Spells: 2/2 levels left

rFire   . . .        a - +0 mace
rCold   . . .        d - orb {light}
rNeg    + . .        f - +0 chain mail
rPois   ∞            (no helmet)
rElec   +            (no cloak)
rCorr   .            (no gloves)
SInv    .            (no boots)
Will    .....        o - amulet of regeneration Stlth
                     (no ring)
HPRegen 1.04/turn    (no ring)
MPRegen 0.08/turn

%: no passive effects
@: confused, ambrosia-drunk, glowing
A: sickness immunity, AC +3, negative energy resistance 1, electricity
resistance, torment resistance 1, petrification resistance
a: no special abilities


You were on level 1 of the Dungeon.
You visited 1 branch of the dungeon, and saw 2 of its levels.

You collected 80 gold pieces.
You spent 28 gold pieces at shops.

Inventory:

Hand Weapons
 a - a +0 mace (weapon)
Armour
 b - a +0 robe
 d - an orb of light (worn)
 f - a +0 chain mail (worn)
Jewellery
 o - an amulet of regeneration (around neck)
Scrolls
 k - a scroll of identify
 l - a scroll of teleportation {unknown}
 m - a scroll of immolation {unknown}
Potions
 e - 2 potions of lignification {unknown}
 g - a potion of resistance {unknown}
 h - a potion of mutation {unknown}
 i - a potion of curing {unknown}
 j - a potion of heal wounds {unknown}
 n - a potion of attraction {unknown}


   Skills:
 + Level 3.8 Fighting
 + Level 3.4 Maces & Flails
 + Level 1.2 Armour
 + Level 2.8 Dodging


You had 2 spell levels left.
You didn't know any spells.
Your spell library contained the following spells:

 Spells                   Type           Power      Damage    Failure   Level
 Apportation              Tloc           0%         N/A       99%         1
 Necrotise                Necr           0%         1d4       99%         1
 Summon Small Mammal      Summ           0%         N/A       99%         1


Dungeon Overview and Level Annotations

Branches:
Dungeon (2/15)

Altars:

Shops:
D:1 [:?(


Innate Abilities, Weirdness & Mutations

You are immune to sickness and miasma.
Your stone body is resilient. (AC +3)
You are immune to poison.
You resist negative energy. (rN+)
You are resistant to electric shocks. (rElec)
You are resistant to unholy torment.
You are immune to petrification.


Message History

The adder is almost dead.
The adder bites you but does no damage.
You barely miss the adder.
The adder is almost dead.
The adder bites you but does no damage. x2
You hit the adder but do no damage.
The adder is almost dead.
The adder bites you but does no damage. x2
You barely miss the adder.
The adder is almost dead.
The adder bites you but does no damage.
You thump the adder!
You kill the adder!
You hit the gnoll.
The gnoll is lightly wounded.
The gnoll barely misses you. The gnoll hits you with a +0 flail.
You hit the gnoll but do no damage.
The gnoll is lightly wounded.
You hit the gnoll.
The gnoll is moderately wounded.
The gnoll hits you with a +0 flail! The gnoll hits you with a +0 flail.
You are too injured to fight recklessly!
You are too injured to fight recklessly!
The gnoll hits you with a +0 flail.
* * * LOW HITPOINT WARNING * * *
The gnoll hits you with a +0 flail.
* * * LOW HITPOINT WARNING * * *
You climb upwards.
There is a stone staircase leading down here.
You are confused.
You feel invigorated. The gnoll hits you with a +0 flail. x2
* * * LOW HITPOINT WARNING * * *
You sock the gnoll!
The gnoll is severely wounded.
The gnoll hits you but does no damage. The gnoll hits you with a +0 flail!
* * * LOW HITPOINT WARNING * * *
You thump the gnoll!
The gnoll is heavily wounded.
The gnoll hits you with a +0 flail.
You die...

## ##.......## ##.## #
##.........## #..#
###...........####.##
##......#......###..#
#......###......###.#
......## ##......##.#
.....## ##......#.#
....## ##.......###
<..## ##.†@.....#
....## ##..gg(..#.#
.....## ##......#.#.#
......## ##.(....##.#.#
#......###......###.#.#
##......#......###..#.#
###.....†.....####.##.#
# ##.........## #..##.#
## ##.......## ##.###.#


You could see 2 gnolls.

Vanquished Creatures
  An adder (D:2)
  2 dart slugs (D:1)
  4 ball pythons (D:1)
  3 endoplasms (D:1)
  A giant cockroach (D:1)
  2 goblins (D:1)
  3 hobgoblins (D:1)
  3 jackals
  2 quokkas (D:1)
  A bat (D:1)
  2 frilled lizards (D:1)
  2 kobolds (D:1)
  5 rats
31 creatures vanquished.

Notes
Turn   | Place    | Note
-------+----------+-------------------------------------------
     0 | D:1      | BinkBink the Gargoyle Monk began the quest for the Orb.
     0 | D:1      | Reached XP level 1. HP: 14/14 MP: 1/1
    48 | D:1      | Reached XP level 2. HP: 19/19 MP: 2/2
   290 | D:1      | Found Gijoss's Magic Scroll Boutique.
   299 | D:1      | Bought a scroll of identify for 28 gold pieces
   394 | D:1      | Reached XP level 3. HP: 24/24 MP: 3/3
   455 | D:1      | Found Ekiqum's Antique Armour Boutique.
   500 | D:1      | Found Tistibif's Book Boutique.
   506 | D:1      | Reached skill level 1 in Armour
   592 | D:1      | Found Ceifaw's Weapon Emporium.
   678 | D:1      | HP: 1/24 [gnoll/+0 flail (7)]
   679 | D:1      | Slain by a gnoll

Illustrated notes

Levels and vault maps discovered:
D:1:      dpeg_arrival_central, layout_rooms, serial_shops, shop, shop, shop,
          nicolae_lakefront_shop
D:2:      layout_rooms, uniq_robin

Skill      XL: |  1  2  3 |
---------------+----------+-----
Armour         | 1 |  1.2
Fighting       | |  3.8
Maces & Flails | |  3.4
Dodging        | |  2.8

Action                     || total
---------------------------++-------
  Melee: Mace              ||    76
    Use: Potion            ||     1
 Armour: Robe              ||     6
         Chain mail        ||    71
  Dodge: Dodged            ||    39

Table legend: (Time is in decaauts)
 A = Elapsed time spent in this place.
 B = Non-inter-level travel time spent in this place.
 C = Inter-level travel time spent in this place.
 D = Time resting spent in this place.
 E = Time spent auto-exploring this place.
 F = Levels seen in this place.
 G = Mean time per level.
                   A        B        C        D        E       F      G
               +--------+--------+--------+--------+--------+-----+--------+
         Total |    699 |    676 |     23 |      0 |    449 |   2 |  349.5 |
       Dungeon |    699 |    676 |     23 |      0 |    449 |   2 |  349.5 |
               +--------+--------+--------+--------+--------+-----+--------+

Top non-repeatable levels by time:
     D:1: 655 daAuts
     D:2: 43 daAuts
